 Dungeon Crawl Stone Soup version 0.32-a0-938-g40ac7a0f4d (webtiles) character file.

Game seed: 2768443058886354534

199 javelincjr the Trooper (level 5, 0/48 HPs)
             Began as a Minotaur Berserker on Apr 15, 2024.
             Was a Priest of Trog.
             Slain by Grinder (6 damage)
             ... on level 3 of the Dungeon.
             The game lasted 00:05:00 (2558 turns).

javelincjr the Trooper (Minotaur Berserker)         Turns: 2558, Time: 00:05:01

Health: 0/48       AC:  5    Str: 23    XL:     5   Next: 48%
Magic:  0/4        EV: 10    Int:  4    God:    Trog [***...]
Gold:   171        SH:  0    Dex: 10    Spells: 4/4 levels left

rFire   + + .        o - +2 dagger (vamp)
rCold   . . .        (no shield)
rNeg    . . .        n - +0 ring mail
rPois   .            (helmet restricted)
rElec   .            (no cloak)
rCorr   .            (no gloves)
SInv    .            (no boots)
Will    .....        q - amulet "Empyng" {Spirit rF++} Stlth
                     (no ring)
HPRegen 0.28/turn    (no ring)
MPRegen 0.09/turn

%: guardian spirit
@: no status effects
A: horns 2, retaliatory headbutt
a: Renounce Religion, Berserk, Trog's Hand


You were on level 3 of the Dungeon.
You worshipped Trog.
Trog was most pleased with you.
You visited 1 branch of the dungeon, and saw 3 of its levels.

You collected 171 gold pieces.

Inventory:

Hand Weapons
 a - a +0 hand axe
 o - a +2 vampiric dagger (weapon)
Missiles
 c - 22 stones (quivered)
 p - 4 boomerangs
Armour
 b - a +0 animal skin
 n - a +0 ring mail (worn)
 v - a +0 chain mail
Jewellery
 q - the amulet "Empyng" (around neck) {Spirit rF++}
   (You took it off a gnoll on level 2 of the Dungeon)

   [amulet of guardian spirit]

   Spirit:    It causes incoming damage to be divided between your reserves of
   health and magic.
   rF++:      It greatly protects you from fire.
Wands
 w - a wand of flame (17)
Scrolls
 f - a scroll of immolation {unknown}
 g - 4 scrolls of identify {unknown}
 h - a scroll of amnesia {unknown}
 i - a scroll of fog {unknown}
 k - a scroll of torment {unknown}
 r - a scroll of teleportation {unknown}
 s - a scroll of vulnerability {unknown}
 u - a scroll of butterflies {unknown}
 y - a scroll of noise {unknown}
Potions
 d - a potion of lignification {unknown}
 e - a potion of enlightenment {unknown}
 j - 3 potions of curing {unknown}
 l - a potion of magic {unknown}
 m - a potion of heal wounds {unknown}
 t - a potion of invisibility {unknown}
 x - a potion of might {unknown}
 z - a potion of berserk rage {unknown}


   Skills:
 * Level 5.5 Fighting
 + Level 4.6 Axes
 + Level 3.7 Armour
 + Level 3.4 Dodging


You had 4 spell levels left.
You didn't know any spells.
Your spell library was empty.

Dungeon Overview and Level Annotations

Branches:
Dungeon (3/15)

Altars:
Vehumet

Annotations:
D:3 Grinder


Innate Abilities, Weirdness & Mutations

You have a pair of horns on your head.
You reflexively headbutt those who attack you in melee.


Message History

Grinder closely misses you.
You hit Grinder.
Grinder is moderately wounded.
Grinder closely misses you.
You closely miss Grinder.
Grinder is moderately wounded.
Grinder blinks!
You hit Grinder.
Grinder is moderately wounded.
Grinder hits you!
You hit Grinder.
Grinder is heavily wounded.
Grinder hits you but does no damage.
You barely miss Grinder. Your headbutt misses Grinder.
Grinder is heavily wounded.
Grinder hits you!
You writhe in agony.
You hit Grinder.
Grinder is heavily wounded.
Grinder hits you.
You writhe in agony.
You hit Grinder. You headbutt Grinder.
Grinder is severely wounded.
Grinder gestures at you. Pain shoots through your body!
* * * LOW HITPOINT WARNING * * *
You barely miss Grinder.
Grinder is severely wounded.
Grinder misses you.
You hit Grinder. Your headbutt misses Grinder.
Grinder is severely wounded.
Grinder closely misses you.
You barely miss Grinder.
Grinder is severely wounded.
Grinder gestures at you. Pain shoots through your body!
* * * LOW HITPOINT WARNING * * *
You hit Grinder.
Grinder is severely wounded.
Grinder hits you!
You die...
Grinder says, "Now the real fun starts!"

### .......###.#
.......#.#.###
...........#..
##.####..# #.#
##.####..# #.#####
##.####..# #.#...#
##.####..# #.#.#5#
.........###.#.#@#####.#
##.####........#........
##.#########.#####.....#
##.#####.# #... .....+
##.####..# ##### ....#
.......#.# ....#
#####..#.# ...#
....#..#%# ...#
###'#..#'########


You could see Grinder.

Vanquished Creatures
  Ijyb (D:3)
  Jessica (D:2)
  Robin (D:2)
  3 gnolls (D:2)
  4 adders
  A dart slug (D:3)
  A ribbon worm (D:2)
  An orc (D:3)
  4 endoplasms
  A giant cockroach (D:2)
  7 goblins
  7 hobgoblins
  7 jackals
  4 kobolds
  2 quokkas (D:1)
  9 ball pythons
  2 bats (D:1)
  5 frilled lizards
  7 rats
68 creatures vanquished.

Notes
Turn   | Place    | Note
-------+----------+-------------------------------------------
     0 | D:1      | javelincjr the Minotaur Berserker began the quest for the
                  | Orb.
     0 | D:1      | Reached XP level 1. HP: 19/19 MP: 0/0
   233 | D:1      | Reached XP level 2. HP: 27/27 MP: 1/1
   237 | D:1      | Reached skill level 4 in Fighting
   782 | D:1      | Reached ** piety under Trog
   840 | D:2      | Noticed Robin
   846 | D:2      | Reached XP level 3. HP: 22/33 MP: 2/2
   901 | D:2      | Killed Robin
   968 | D:2      | Noticed Jessica
   976 | D:2      | Identified the amulet "Empyng" {Spirit rF++}
   978 | D:2      | Killed Jessica
   979 | D:2      | Reached XP level 4. HP: 8/41 MP: 3/3
   980 | D:2      | HP: 2/61 [gnoll/+0 spear (6)]
  1044 | D:2      | Reached skill level 5 in Fighting
  1174 | D:2      | Found a faded altar of an unknown god.
  1447 | D:2      | Reached XP level 5. HP: 48/48 MP: 4/4
  1958 | D:3      | Noticed Ijyb
  1982 | D:3      | Killed Ijyb
  2302 | D:3      | Found a radiant altar of Vehumet.
  2396 | D:3      | Reached *** piety under Trog
  2524 | D:3      | Noticed Grinder
  2524 | D:3      | Paralysed by Grinder for 2 turns
  2558 | D:3      | Slain by Grinder

Illustrated notes

Levels and vault maps discovered:
D:1:      elethiomel_arrival_infinity_welcomes_careful_drivers, layout_basic
D:2:      layout_basic, shapermc_ecumenical_altar_starsandcircs, st_stairs_2,
          kennysheep_donut, uniq_jessica, uniq_robin
D:3:      layout_basic, mainiacjoe_overflow_surrounded_room,
          corexii_hall_statues_l, minmay_misc_feat_nine_boxes,
          reono_crystal_passage, serial_bayou_lake_a, uniq_ijyb, uniq_grinder

Skill      XL: |  1  2  3  4 |
---------------+-------------+-----
Fighting       | 4 5 |  5.5
Axes           | 4 |  4.6
Armour         | 3 |  3.7
Dodging        | 3 |  3.4

Action                     |  1- 3 |  4- 6 || total
---------------------------+-------+-------++-------
  Melee: Hand axe          |    67 |       ||    67
         Headbutt          |    11 |    17 ||    28
         Dagger            |    14 |   131 ||   145
  Throw: Stone             |       |     3 ||     3
 Invoke: Berserk           |       |     1 ||     1
   Stab: Sleeping          |     1 |       ||     1
 Armour: Animal skin       |    15 |       ||    15
         Ring mail         |    48 |    80 ||   128
  Dodge: Dodged            |    55 |    63 ||   118

Table legend: (Time is in decaauts)
 A = Elapsed time spent in this place.
 B = Non-inter-level travel time spent in this place.
 C = Inter-level travel time spent in this place.
 D = Time resting spent in this place.
 E = Time spent auto-exploring this place.
 F = Levels seen in this place.
 G = Mean time per level.
                   A        B        C        D        E       F      G
               +--------+--------+--------+--------+--------+-----+--------+
         Total |   2605 |   2538 |     67 |     83 |   1930 |   3 |  868.3 |
       Dungeon |   2605 |   2538 |     67 |     83 |   1930 |   3 |  868.3 |
               +--------+--------+--------+--------+--------+-----+--------+

Top non-repeatable levels by time:
     D:2: 933 daAuts
     D:1: 892 daAuts
     D:3: 779 daAuts
